 Dungeon Crawl Stone Soup version 0.31-a0-251-gdc1e01ee57 (webtiles) character file.

Game seed: 3510892991780483765

46 qw the Shooter (level 3, -5/21 HPs)
             Began as a Gargoyle Hexslinger on July 12, 2023.
             Slain by a black bear (6 damage)
             ... on level 3 of the Dungeon.
             The game lasted 00:00:51 (1913 turns).

qw the Shooter (Gargoyle Hexslinger)                Turns: 1913, Time: 00:00:51

Health: -5/21      AC: 11    Str: 11    XL:     3   Next: 66%
Magic:  4/4        EV: 10    Int: 13    God:
Gold:   151        SH:  0    Dex: 14    Spells: 3/4 levels left

rFire   . . .        Y - +2 sling (freeze)
rCold   . . .        (no shield)
rNeg    + . .        h - +0 ring mail
rPois   inf          i - +0 helmet
rElec   +            (no cloak)
rCorr   +            f - +0 pair of gloves
SInv    .            a - +0 pair of boots
Will    .....        (no amulet)
Stlth   +            c - ring of resist corrosion
HPRegen 0.23/turn    (no ring)
MPRegen 0.09/turn

%: no passive effects
@: no status effects
A: sickness immunity, AC +3, negative energy resistance 1, electricity
resistance, torment resistance 1, petrification resistance
a: no special abilities


You were on level 3 of the Dungeon.
You visited 1 branch of the dungeon, and saw 3 of its levels.

You collected 151 gold pieces.


Innate Abilities, Weirdness & Mutations

You are immune to sickness and miasma.
Your stone body is resilient. (AC +3)
You are immune to poison.
You resist negative energy. (rN+)
You are resistant to electric shocks. (rElec)
You are resistant to unholy torment.
You are immune to petrification.


   Skills:
 - Level 2.0 Fighting
 + Level 3.3 Ranged Weapons
 - Level 1.0 Armour
 - Level 1.5 Dodging
 - Level 1.0 Spellcasting
 - Level 2.6 Hexes


You had 3 spell levels left.
You knew the following spells:

 Your Spells              Type           Power      Damage    Failure   Level
a - Slow                  Hex            28%        N/A       22%         1

Your spell library contained the following spells:

 Spells                   Type           Power      Damage    Failure   Level
 Inner Flame              Hex/Fire       4%         N/A       75%         3
 Portal Projectile        Hex/Tloc       8%         N/A       75%         3
 Cause Fear               Hex            3%         N/A       91%         4

Inventory:

Hand Weapons
 Y - a +2 sling of freezing (weapon)
Armour
 a - a +0 pair of boots (worn)
 f - a +0 pair of gloves (worn)
 h - a +0 ring mail (worn)
 i - a +0 helmet (worn)
Jewellery
 c - a ring of resist corrosion (left hand)
Scrolls
 g - a scroll of identify
Potions
 b - a potion of ambrosia {unknown}
 d - a potion of curing {unknown}
 e - a potion of enlightenment
 j - a potion of haste
 k - a potion of mutation {unknown}
 l - a potion of degeneration {unknown}

Dungeon Overview and Level Annotations

Branches:
Dungeon (3/15)

Altars:
Sif Muna


Message History

The sling bullet barely misses the black bear.
The black bear bites you but does no damage.
The black bear claws you. The black bear barely misses you.
The black bear closely misses you. The black bear claws you.
The black bear claws you but does no damage.
You shoot a sling bullet.
The sling bullet barely misses the black bear.
The black bear bites you.
The black bear claws you but does no damage.
The black bear closely misses you.
You shoot a sling bullet. The sling bullet hits the black bear.
The sling bullet freezes the black bear.
The black bear is moderately wounded.
The black bear barely misses you.
The black bear claws you but does no damage.
The black bear claws you.
You shoot a sling bullet. The sling bullet hits the black bear!
The sling bullet freezes the black bear.
The black bear is severely wounded.
The black bear bites you but does no damage.
The black bear completely misses you. The black bear claws you.
The black bear bites you. The black bear barely misses you.
The black bear claws you but does no damage.
You shoot a sling bullet. The sling bullet hits the black bear.
The sling bullet freezes the black bear.
The black bear is severely wounded.
The black bear goes berserk!
You shoot a sling bullet. The sling bullet hits the black bear.
The sling bullet freezes the black bear.
The black bear is almost dead.
The black bear closely misses you.
The black bear claws you but does no damage.
The black bear misses you. The black bear bites you.
The black bear barely misses you.
The black bear claws you but does no damage.
You shoot a sling bullet. The sling bullet hits the black bear.
The sling bullet freezes the black bear.
The black bear is almost dead.
The black bear bites you. The black bear claws you. x2
You die...

####+####
#........
#........
#........
#........
#........ # #
#.h...... ..#
#.###@.......
....
#........#...
#..#####..####
#.....<#..#
#####..##..#
+..........#
############


You could see a black bear (berserk).

Vanquished Creatures
  2 orcs (D:3)
  7 ball pythons
  2 endoplasms (D:2)
  2 giant cockroaches (D:2)
  4 goblins
  6 hobgoblins
  2 kobolds (D:1)
  4 quokkas
  3 bats
  2 frilled lizards
  4 rats
38 creatures vanquished.

Vanquished Creatures (others)
  A draconian (D:1)
  2 octopodes (D:1)
  A vine stalker (D:1)
  2 elves (D:1)
  A merfolk (D:1)
  A formicid (D:1)
  A spriggan (D:1)
  A vampire (D:1)
  A naga (D:1)
  2 gnolls (D:1)
  2 kobolds (D:1)
  5 tentacles (D:1)
20 creatures vanquished.

Grand Total: 58 creatures vanquished

Notes
Turn   | Place    | Note
-------+----------+-------------------------------------------
     0 | D:1      | qw the Gargoyle Hexslinger began the quest for the Orb.
     0 | D:1      | Reached XP level 1. HP: 12/12 MP: 2/2
     0 | D:1      | 0 ||| qw: Version: 0.3-a-52-g30416fa
     0 | D:1      | 0 ||| qw: Game counter: 6592
     0 | D:1      | 0 ||| qw: Melee chars always use a shield: true
     0 | D:1      | 0 ||| qw: God list: Okawaru
     0 | D:1      | 0 ||| qw: Allow faded altars: false
     0 | D:1      | 0 ||| qw: Do Orc after clearing Dungeon:15 true
     0 | D:1      | 0 ||| qw: Do second Lair branch before Depths: true
     0 | D:1      | 0 ||| qw: Lair rune preference: random
     0 | D:1      | 0 ||| qw: Goals: Normal
     0 | D:1      | 0 ||| PLANNING D:1-11
     2 | D:1      | Noticed a draconian
     2 | D:1      | Noticed a spriggan
     2 | D:1      | Noticed an octopode
     2 | D:1      | Noticed an elf
     2 | D:1      | Noticed a kraken
     2 | D:1      | Noticed a vampire
     2 | D:1      | Noticed an elf
     2 | D:1      | Noticed an octopode
     2 | D:1      | Noticed a vine stalker
     2 | D:1      | Noticed a formicid
     2 | D:1      | Noticed a merfolk
     2 | D:1      | Noticed a naga
     5 | D:1      | Killed a merfolk
     5 | D:1      | Killed a vine stalker
     5 | D:1      | Killed a draconian
     8 | D:1      | Killed a vampire
     8 | D:1      | Killed a spriggan
    10 | D:1      | Killed an octopode
    10 | D:1      | Killed an elf
    12 | D:1      | Killed an octopode
    14 | D:1      | Killed a formicid
    14 | D:1      | Killed a naga
    15 | D:1      | Killed an elf
    18 | D:1      | Found a faded altar of an unknown god.
   170 | D:1      | Reached XP level 2. HP: 16/16 MP: 3/3
   425 | D:1      | Reached skill level 3 in Ranged Weapons
   599 | D:1      | 599 ||| UPGRADING to +0 pair of gloves.
   604 | D:1      | 604 ||| UPGRADING to +0 ring mail.
   614 | D:1      | 614 ||| DROPPING +0 robe.
   615 | D:1      | 615 ||| READING scroll labelled ROWOAN LUADGH.
   616 | D:1      | 616 ||| READING 3 scrolls labelled LONO NITOUTT.
   617 | D:1      | 617 ||| READING scroll labelled LUHESO BAWKOA.
   630 | D:1      | 630 ||| READING scroll labelled QUOROY UQEO.
   631 | D:1      | 631 ||| DRINKING 2 fizzy clear potions.
   632 | D:1      | 632 ||| DROPPING scroll of poison.
   728 | D:2      | Reached XP level 3. HP: 21/21 MP: 4/4
  1070 | D:2      | Reached skill level 1 in Armour
  1318 | D:2      | 1318 ||| UPGRADING to +0 helmet.
  1323 | D:2      | 1323 ||| DROPPING +6 ring of intelligence.
  1324 | D:2      | 1324 ||| UPGRADING to ring of resist corrosion.
  1325 | D:2      | 1325 ||| READING 2 scrolls labelled DOICYDYMIPI.
  1326 | D:2      | 1326 ||| READING scroll of brand weapon.
  1326 | D:2      | 1326 ||| BRANDING +2 sling of flaming.
  1327 | D:2      | 1327 ||| READING 3 scrolls of identify.
  1327 | D:2      | 1327 ||| IDENTIFYING ruby potion
  1328 | D:2      | 1328 ||| READING 2 scrolls of identify.
  1328 | D:2      | 1328 ||| IDENTIFYING fuming yellow potion
  1329 | D:2      | 1329 ||| DROPPING potion of attraction.
  1492 | D:3      | Found a shimmering blue altar of Sif Muna.
  1669 | D:3      | 1669 ||| UPGRADING to +0 pair of boots.
  1683 | D:3      | 1683 ||| STAIRDANCE
  1687 | D:3      | 1687 ||| STAIRDANCE
  1691 | D:3      | 1691 ||| STAIRDANCE
  1695 | D:3      | 1695 ||| STAIRDANCE
  1699 | D:3      | 1699 ||| STAIRDANCE
  1703 | D:3      | 1703 ||| STAIRDANCE
  1707 | D:3      | 1707 ||| STAIRDANCE
  1711 | D:3      | 1711 ||| STAIRDANCE
  1715 | D:3      | 1715 ||| STAIRDANCE
  1719 | D:3      | 1719 ||| STAIRDANCE
  1723 | D:3      | 1723 ||| STAIRDANCE
  1727 | D:3      | 1727 ||| STAIRDANCE
  1731 | D:3      | 1731 ||| STAIRDANCE
  1735 | D:3      | 1735 ||| STAIRDANCE
  1739 | D:3      | 1739 ||| STAIRDANCE
  1743 | D:3      | 1743 ||| STAIRDANCE
  1747 | D:3      | 1747 ||| STAIRDANCE
  1751 | D:3      | 1751 ||| STAIRDANCE
  1755 | D:3      | 1755 ||| STAIRDANCE
  1759 | D:3      | 1759 ||| STAIRDANCE
  1898 | D:3      | Noticed a black bear
  1912 | D:3      | HP: 2/21 [black bear (5)]
  1913 | D:3      | Slain by a black bear

Levels and vault maps discovered:
D:1:      nicolae_arrival_kraken_aquarium_b, layout_loops_ring,
          ebering_ecumenical_altar_box
D:2:      layout_basic
D:3:      layout_basic, marbit_many_paths, nicolae_dithmenos_shadow_blocks,
          mainiacjoe_overflow_tiny_flanked

Skill      XL: |  1  2  3 |
---------------+----------+-----
Ranged Weapons | 3 |  3.3
Fighting       | 2 |  2.0
Armour         | 1 |  1.0
Dodging        | |  1.5
Spellcasting   | |  1.0
Hexes          | |  2.6

Action                     || total
---------------------------++-------
   Fire: Sling             ||   132
    Use: Scroll            ||     8
         Potion            ||     1
 Armour: Robe              ||     5
         Ring mail         ||    38
  Dodge: Dodged            ||    49

Table legend:
 A = Non-vault XP
 B = Vault XP
 C = Vault XP percentage of total XP
 D = Non-vault monster count
 E = Vault monster count
 F = Vault count percentage of total count
                 A         B        C        D         E       F
            +---------+---------+-------+---------+---------+-------
      Total |      66 |       0 |   0.0 |      38 |       0 |   0.0
            +---------+---------+-------+---------+---------+-------
        D:1 |      21 |       0 |   0.0 |      12 |       0 |   0.0
        D:2 |      28 |       0 |   0.0 |      17 |       0 |   0.0
        D:3 |      17 |       0 |   0.0 |       9 |       0 |   0.0
            +---------+---------+-------+---------+---------+-------
